AoeStats
← die trying

Arabia

504250164Analyzed
1v1 RM · 27d ago on Sep 4, 2026· 35m 9s· 2 players
Game mode
Random Map
Map size
Tiny (2 player)
Population
200
Speed
Normal
Resources
Standard
Victory
Conquest
Starting age
Dark Age
Ending age
Imperial Age
RankedLock teamsTeams togetherTeam positionsShared explorationLock speedFull tech treeHidden civsTurbo modeCheats
Victory
Defeat
🇹🇼 Slavs · Taiwan
1913
+14
🇨🇱 Mongols · Chile
1880
-14
die trying
9:04 Feudal Age
8:01 Loom
8:48 Loom
9:08 Man-at-Arms
14:04 Fletching
25:46 Castle Age
24:03 Double-Bit Axe
24:43 Horse Collar
25:50 Padded Archer Armor
25:47 Gold Mining
26:26 Bodkin Arrow
26:48 Husbandry
30:07 Stone Mining
32:48 Ballistics
33:29 Town Watch
34:59 Leather Archer Armor
s56460688
6:09 Loom
8:28 Feudal Age
9:09 Double-Bit Axe
14:18 Town Watch
17:31 Scale Barding Armor
18:48 Forging
20:13 Wheelbarrow
21:07 Bloodlines
21:56 Horse Collar
25:54 Castle Age
24:10 Stone Mining
26:33 Fletching
27:27 Bow Saw
29:42 Guard Tower
30:15 Ballistics
31:41 Guard Tower
33:11 Murder Holes
Connection lost

Rejoining the realm…

Still unreachable

The connection could not be restored.

Session expired

The server has moved on; the page needs a fresh start.